[ AOE2 MATCH · #505787855 ]
UnrankedMagyars vs Vietnamese
Player's team · LOSS
Rival team · WIN
[ REPLAY ANALYSIS · EXTRACTED FROM THE RECORDED GAME ]
Feudal
—
Castle
—
Imperial
—
| APM avg | 84.0 |
| APM peak | 106 |
| eAPM avg | 37.5 |
| Villagers / military | 25 / 0 |
Focus
⚔️ 48.3% · 🌾 51.7%
Feudal
—
Castle
—
Imperial
—
| APM avg | 65.2 |
| APM peak | 90 |
| eAPM avg | 22.7 |
| Villagers / military | 25 / 3 |
Focus
⚔️ 45.1% · 🌾 54.9%
Militia ×3
Match map
Initial resources + every placement click. Lines = walls · curves = elevation contours. ◆ gold · ⬟ stone · ● berries · ✦ relic · ◌ wall gap
Your base
FNUL's base
Smoothed initial terrain · ◌ = detected wall gap · hover for details
Inputs per minute
— Parzivall - - FNUL
Build order — Parzivall
67 actions detected in the replay
| 0:01 | Queue | Villager (Male) |
| 0:02 | Build | House |
| 0:03 | Build | House |
| 0:10 | Queue | Villager (Male) |
| 0:11 | Queue | Villager (Male) |
| 0:12 | Queue | Villager (Male) |
| 0:12 | Queue | Villager (Male) |
| 1:33 | Queue | Villager (Male) |
| 1:33 | Queue | Villager (Male) |
| 1:59 | Build | Lumber Camp |
| 2:01 | Queue | Villager (Male) |
| 2:16 | Queue | Villager (Male) |
| 2:56 | Queue | Villager (Male) |
| 3:03 | Queue | Villager (Male) |
| 3:04 | Queue | Villager (Male) |
| 3:04 | Queue | Villager (Male) |
| 3:37 | Queue | Villager (Male) |
| 3:37 | Queue | Villager (Male) |
| 3:50 | Build | House |
| 3:56 | Queue | Villager (Male) |
| 3:57 | Build | House |
| 4:27 | Queue | Villager (Male) |
| 4:59 | Queue | Villager (Male) |
| 5:01 | Queue | Villager (Male) |
| 5:01 | Queue | Villager (Male) |
| 5:03 | Build | Mill |
| 5:14 | Build | Palisade Wall |
| 5:15 | Build | Palisade Wall |
| 5:15 | Build | Palisade Wall |
| 5:15 | Build | Palisade Wall |
| 5:16 | Build | Palisade Wall |
| 5:30 | Build | Palisade Wall |
| 5:30 | Build | Palisade Wall |
| 5:31 | Build | Palisade Wall |
| 5:32 | Build | Palisade Wall |
| 5:32 | Build | Palisade Wall |
| 5:33 | Build | Palisade Wall |
| 5:34 | Build | Palisade Wall |
| 5:46 | Queue | Villager (Male) |
| 5:47 | Queue | Villager (Male) |
| 5:49 | Queue | Villager (Male) |
| 6:03 | Build | Palisade Wall |
| 6:19 | Build | Farm |
| 6:49 | Build | Mining Camp |
| 7:03 | Queue | Villager (Male) |
| 7:05 | Queue | Villager (Male) |
| 7:09 | Research | Loom |
| 7:26 | Build | Palisade Wall |
| 7:28 | Build | Palisade Wall |
| 7:29 | Build | Palisade Wall |
| 7:29 | Build | Palisade Wall |
| 8:09 | Build | Palisade Wall |
| 8:10 | Build | Palisade Wall |
| 8:11 | Build | Palisade Wall |
| 8:14 | Build | Palisade Wall |
| 8:30 | Build | Palisade Wall |
| 8:31 | Build | Palisade Wall |
| 8:33 | Build | Palisade Wall |
| 8:33 | Research | Feudal Age |
| 8:34 | Research | Feudal Age |
| 8:43 | Build | Palisade Wall |
| 8:44 | Build | Palisade Wall |
| 9:19 | Build | Palisade Wall |
| 9:38 | Build | Palisade Gate |
| 9:43 | Build | Palisade Wall |
| 10:06 | Build | Palisade Wall |
| 10:11 | Build | Palisade Wall |
Build order — FNUL
40 actions detected in the replay
| 0:00 | Queue | Villager (Male) |
| 0:00 | Queue | Villager (Male) |
| 0:01 | Queue | Villager (Male) |
| 0:02 | Build | House |
| 0:04 | Build | House |
| 0:23 | Queue | Villager (Male) |
| 1:24 | Queue | Villager (Male) |
| 1:24 | Queue | Villager (Male) |
| 1:50 | Build | Lumber Camp |
| 1:58 | Queue | Villager (Male) |
| 2:18 | Queue | Villager (Male) |
| 2:19 | Queue | Villager (Male) |
| 2:44 | Queue | Villager (Male) |
| 3:12 | Queue | Villager (Male) |
| 3:36 | Queue | Villager (Male) |
| 3:49 | Build | House |
| 4:05 | Queue | Villager (Male) |
| 4:32 | Build | Barracks |
| 4:38 | Queue | Villager (Male) |
| 4:38 | Queue | Villager (Male) |
| 4:59 | Queue | Villager (Male) |
| 5:07 | Queue | Villager (Male) |
| 5:11 | Build | House |
| 5:22 | Queue | Villager (Male) |
| 5:29 | Queue | Militia |
| 5:50 | Queue | Villager (Male) |
| 5:51 | Queue | Militia |
| 6:09 | Queue | Villager (Male) |
| 6:16 | Build | Mill |
| 6:22 | Queue | Militia |
| 6:26 | Queue | Villager (Male) |
| 6:44 | Build | House |
| 6:51 | Queue | Villager (Male) |
| 7:35 | Queue | Villager (Male) |
| 7:37 | Build | Farm |
| 7:41 | Queue | Villager (Male) |
| 7:45 | Research | Loom |
| 8:22 | Research | Feudal Age |
| 9:31 | Build | Mining Camp |
| 10:22 | Queue | Villager (Male) |
Match timeline
| 4:32 | FNUL · first_building Barracks |
| 5:14 | Parzivall · wall_segment Palisade Wall x1 |
| 5:15 | Parzivall · wall_segment Palisade Wall x1 |
| 5:15 | Parzivall · wall_segment Palisade Wall x1 |
| 5:15 | Parzivall · wall_segment Palisade Wall x2 |
| 5:16 | Parzivall · wall_segment Palisade Wall x1 |
| 5:30 | Parzivall · wall_segment Palisade Wall x1 |
| 5:30 | Parzivall · wall_segment Palisade Wall x1 |
| 5:31 | Parzivall · wall_segment Palisade Wall x1 |
| 5:32 | Parzivall · wall_segment Palisade Wall x1 |
| 5:32 | Parzivall · wall_segment Palisade Wall x1 |
| 5:33 | Parzivall · wall_segment Palisade Wall x1 |
| 5:34 | Parzivall · wall_segment Palisade Wall x1 |
| 6:03 | Parzivall · wall_segment Palisade Wall x1 |
| 7:26 | Parzivall · wall_segment Palisade Wall x1 |
| 7:28 | Parzivall · wall_segment Palisade Wall x1 |
| 7:29 | Parzivall · wall_segment Palisade Wall x1 |
| 7:29 | Parzivall · wall_segment Palisade Wall x1 |
| 8:09 | Parzivall · wall_segment Palisade Wall x1 |
| 8:10 | Parzivall · wall_segment Palisade Wall x1 |
| 8:11 | Parzivall · wall_segment Palisade Wall x1 |
| 8:14 | Parzivall · wall_segment Palisade Wall x1 |
| 8:30 | Parzivall · wall_segment Palisade Wall x1 |
| 8:31 | Parzivall · wall_segment Palisade Wall x1 |
| 8:33 | Parzivall · wall_segment Palisade Wall x1 |
| 8:43 | Parzivall · wall_segment Palisade Wall x1 |
| 8:44 | Parzivall · wall_segment Palisade Wall x1 |
| 9:19 | Parzivall · wall_segment Palisade Wall x1 |
| 9:43 | Parzivall · wall_segment Palisade Wall x1 |
| 10:06 | Parzivall · wall_segment Palisade Wall x1 |
| 10:11 | Parzivall · wall_segment Palisade Wall x1 |
| 10:30 | Parzivall · resign |
[ AI ANALYSIS · 1 CREDIT ]
What really happened in this match?
Wolo.gg analyzes every decision: build order, eco, micro, common mistakes by bracket. Personalized analysis on WhatsApp or Discord in 30 seconds.
Civ guide
Magyars
Perfil
Parzivall